 Dungeon Crawl Stone Soup version 0.32-a0-931-g5a2cda0630 (webtiles) character file.

Game seed: 17201354136353289791

106330 D0namaru the Merchant of Misery (level 15, -5/130 HPs)
             Began as a Demonspawn Necromancer on Apr 13, 2024.
             Was a Believer of Kikubaaqudgha.
             Slain by a +2 halberd of protection (10 damage)
             ... on level 1 of the Elven Halls.
             The game lasted 01:17:29 (31970 turns).

D0namaru the Merchant of Misery (DsNe)             Turns: 31970, Time: 01:17:30

Health: -5/130     AC: 23    Str:  8    XL:     15   Next: 97%
Magic:  3/33       EV: 22    Int: 20    God:    Kikubaaqudgha [**....]
Gold:   2728       SH:  4    Dex: 21    Spells: 9/43 levels left

rFire   + . .        M - +3 mace of the Intense God {drain, rElec rCorr Dex+2}
rCold   . . .        (no shield)
rNeg    . . .        G - +5 steam dragon scales
rPois   .            e - +2 hat
rElec   +            y - +1 cloak
rCorr   +            K - +0 pair of gloves
SInv    +            w - +0 pair of boots
Will    +....        A - amulet of faith {Faith, !P}
Stlth   ++           n - ring of protection from fire
HPRegen 0.41/turn    S - ring of see invisible
MPRegen 0.23/turn

%: faith
@: no status effects
A: rugged brown scales 3, icemail 1, condensation shield, demonic magic 2,
weakness stinger 2, antennae 1, agile 1
a: Renounce Religion, Unearth Wretches


You were on level 1 of the Elven Halls.
You worshipped Kikubaaqudgha.
Kikubaaqudgha was pleased with you.
You visited 6 branches of the dungeon, and saw 23 of its levels.

You collected 2825 gold pieces.
You spent 97 gold pieces at shops.

Inventory:

Hand Weapons
 M - the +3 mace of the Intense God (weapon) {drain, rElec rCorr Dex+2}
   (You found it on level 4 of the Lair of Beasts)

   Dex+2:     It affects your dexterity (+2).
   rElec:     It insulates you from electricity.
   rCorr:     It protects you from acid and corrosion.
Missiles
 j - a throwing net {=f}
 u - a curare-tipped dart
 z - 7 javelins
 Q - 318 stones (quivered)
Armour
 e - a +2 hat (worn)
 w - a +0 pair of boots (worn)
 y - a +1 cloak (worn)
 G - +5 steam dragon scales (worn)
 K - a +0 pair of gloves (worn)
Jewellery
 n - a ring of protection from fire (left hand)
 A - an amulet of faith (around neck) {Faith, !P}
 C - a ring of resist corrosion
 F - a ring of flight
 I - a ring of protection from cold
 N - a ring of positive energy {rN+}
 S - a ring of see invisible (right hand)
Wands
 a - a wand of charming (35)
 o - a wand of warping (27)
 v - a wand of polymorph (10)
 x - a wand of flame (11)
 D - a wand of light (15)
 O - a wand of mindburst (16)
Scrolls
 f - 3 scrolls of fog
 g - 4 scrolls of amnesia
 i - a scroll of identify
 l - a scroll of vulnerability {!r!r}
 p - 6 scrolls of noise {!r}
 t - 2 scrolls of teleportation
 B - 2 scrolls of blinking {!r}
 E - 2 scrolls of enchant weapon
 R - a scroll of revelation
Potions
 b - 3 potions of degeneration {!q}
 c - 2 potions of brilliance
 d - 3 potions of haste
 h - 3 potions of lignification {!q}
 k - a potion of cancellation
 m - a potion of ambrosia
 q - 6 potions of curing
 r - 2 potions of invisibility
 H - 3 potions of might
 J - 3 potions of enlightenment
 P - a potion of resistance {unknown}
Miscellaneous
 L - a sack of spiders


   Skills:
 - Level 12.5 Fighting
 - Level 14.5 Dodging
 - Level 1.7 Stealth
 + Level 14.5 Spellcasting
 - Level 4.0 Summonings
 + Level 17.5 Necromancy
 - Level 3.0 Fire Magic
 - Level 4.0 Earth Magic


You had 9 spell levels left.
You knew the following spells:

 Your Spells              Type           Power      Damage    Failure   Level
a - Necrotise             Necr           100%       1d9       0%          1
b - Summon Small Mammal   Summ           100%       N/A       1%          1
c - Curse of Agony        Necr           71%        N/A       1%          5
d - Summon Blazeheart Go  Fire/Summ      28%        N/A       11%         4
e - Borgnjor's Vile Clut  Necr/Erth      27%        N/A       1%          5
f - Dispel Undead         Necr           71%        3d24      1%          4
g - Haunt                 Necr/Summ      27%        N/A       41%         7
x - Vampiric Draining     Necr           71%        2d11      0%          3
A - Animate Dead          Necr           71%        N/A       1%          4

Your spell library contained the following spells:

 Spells                   Type           Power      Damage    Failure   Level
 Kiss of Death            Conj/Necr      100%       2d13      1%          1
 Cigotuvi's Dreadful Rot  Necr/Alch/Air  74%        N/A       1%          2
 Death Channel            Necr           35%        N/A       1%          6
 Call Canine Familiar     Summ           30%        N/A       2%          3
 Passwall                 Erth           30%        N/A       2%          3
 Magic Dart               Conj           56%        1d5       4%          1
 Shock                    Conj/Air       56%        1d6       4%          1
 Slow                     Hex            56%        N/A       4%          1
 Ensorcelled Hibernation  Hex/Ice        28%        N/A       7%          2
 Searing Ray              Conj           28%        2d5       7%          2
 Confusing Touch          Hex            14%        N/A       13%         3
 Frozen Ramparts          Ice            28%        1d5       13%         3
 Ozocubu's Armour         Ice            14%        N/A       13%         3
 Sigil of Binding         Hex            14%        N/A       13%         3
 Swiftness                Air            14%        N/A       13%         3
 Teleport Other           Tloc           14%        N/A       13%         3
 Tukima's Dance           Hex            14%        N/A       13%         3
 Summon Lightning Spire   Summ/Air       22%        N/A       19%         4
 Infestation              Necr           35%        N/A       22%         8
 Airstrike                Air            7%         2d(1-17)  41%         4
 Dimensional Bullseye     Hex/Tloc       7%         N/A       41%         4
 Fulminant Prism          Conj/Alch      7%         3d6       41%         4
 Passage of Golubria      Tloc           14%        N/A       41%         4
 Summon Forest            Summ/Tloc      11%        N/A       47%         5
 Iskenderun's Battlesphe  Conj           14%        2d7       77%         5
 Metabolic Englaciation   Hex/Ice        7%         N/A       77%         5
 Yara's Violent Unravell  Hex/Alch       7%         3d5       77%         5
 Bombard                  Conj/Erth      11%        9d3       96%         6
 Dispersal                Tloc           7%         N/A       100%        6
 Eringya's Noxious Bog    Alch           7%         4d6       100%        6
 Gell's Gavotte           Tloc           7%         2d(14-21) 100%        6
 Spellforged Servitor     Conj/Summ      11%        N/A       100%        7
 Summon Hydra             Summ           15%        N/A       100%        7


Dungeon Overview and Level Annotations

Branches:
Dungeon (13/15)            Temple (1/1) D:4            Lair (5/5) D:8
 Shoals (0/4) Lair:3       Spider (1/4) Lair:3        Slime (0/5) Lair:4
    Orc (2/2) D:9             Elf (1/3) Orc:2        Vaults (0/5) D:13

Altars:
Ashenzari
Cheibriados
Dithmenos
Fedhas
Gozag
Hepliaklqana
Kikubaaqudgha
Makhleb
Nemelex Xobeh
Okawaru
Qazlal
Ru
Sif Muna
Trog
Uskayaw
Vehumet
Wu Jian
Xom
Yredelemnul
Beogh

Shops:
D:12 *   Orc:2 [***   Elf:1 (


Innate Abilities, Weirdness & Mutations

You are completely covered in rugged brown scales. (AC +3, +7% HP)
A meltable icy envelope protects you from harm. (AC +4)
A meltable shield of frost defends you. (SH +4)
Spells you cast may paralyse nearby enemies.
You have a tail ending in a sharp stinger.
You have a pair of small antennae on your head.
You are agile. (Dex +4, Str/Int -1)


Message History

The +2 halberd of protection misses you.
The +2 halberd of protection hits you.
You take 3 damage, and have 44/130 hp.
You hit the +2 halberd of protection but do no damage.
The zombie hands constrict the +2 halberd of protection!
The +2 halberd of protection closely misses you.
The +2 halberd of protection misses you.
You hit the +2 halberd of protection but do no damage.
The zombie hands constrict the +2 halberd of protection, but do no damage.
The +2 halberd of protection hits you but does no damage. x2
Unknown command.
You barely miss the +2 halberd of protection.
The zombie hands constrict the +2 halberd of protection.
The +2 halberd of protection hits you.
The +2 halberd of protection closely misses you.
You take 4 damage, and have 41/130 hp.
You hit the +2 halberd of protection but do no damage.
The zombie hands constrict the +2 halberd of protection, but do no damage.
You zombie hands return to the earth.
The +2 halberd of protection hits you! x2
* * * LOW HITPOINT WARNING * * *
The +2 halberd of protection hits you!!
* * * LOW HITPOINT WARNING * * *
You take 38 damage, and have 3/130 hp.
MASSIVE DAMAGE!!
Unknown command.
You feel much better.
The +2 halberd of protection barely misses you.
You regained 24 hp, and now have 27/130 hp.
You hit the +2 halberd of protection but do no damage.
The +2 halberd of protection hits you!!
* * * LOW HITPOINT WARNING * * *
The +2 halberd of protection hits you but does no damage.
You take 23 damage, and have 4/130 hp.
Unknown command.
Unknown command.
Okay, then.
You hit the +2 halberd of protection but do no damage.
The +2 halberd of protection hits you!
You die...
Kikubaaqudgha rasps: You have failed me!
Welcome... death!

#.....#☼.E°..#####..#####
#.....#.○.#.........#...#
####.##○).#.........'.).#
#.##...#####'#####...#
#.##...#ß≈≈≈≈≈≈≈ß#...#
#.##...#≈≈≈≈≈≈≈≈≈#...#
#.##...#≈*~~~~~~~#...#
#.######.........#####
#...)@(..........#
##################


You could see a +2 halberd of protection.

Levels and vault maps discovered:
D:1:      lemuel_arrival_cross, layout_loops_cross
D:2:      layout_loops_cross, basic_altar, dreamdust_wishing_well
D:3:      layout_loops_ring, minmay_misc_feat_enclosed,
          ebering_dispersal_statue_hall, goddamned_bats
D:4:      layout_loops_cross, fedhas_altar_3, minmay_temple_entry_statues,
          minmay_manual_monolith
D:5:      layout_loops_corners, tgw_xom
D:6:      layout_basic, uniq_pikel, uniq_duvessa
D:7:      layout_layer_cave, lemuel_doored_altar, mainiacjoe_overflow_big_doors,
          uniq_maurice
D:8:      layout_basic, david_lair_generic
D:9:      minmay_general_purpose_star, layout_stronghold,
          mainiacjoe_overflow_tiny_flanked, orc_0_dummy,
          serial_co_window_serial, co_window_paths_b, co_window_paths_a,
          co_window_paths_b, co_window_paths_b, co_window_paths_a,
          co_window_corner_a, co_window_paths_b, co_window_broadway_a,
          co_window_paths_c, co_window_cross_4, co_window_unsneaky_path_b,
          glass_columns_a, glass_columns_c, uniq_erolcha, uniq_amaemon,
          uniq_joseph, uniq_jeremiah
D:10:     layout_small_grid, mainiacjoe_overflow_brackets, feat_on_display
D:11:     layout_basic, kennysheep_flooded_box
D:12:     layout_loops_corners, serial_shops, nicolae_shop_tiny_glass,
          nzn_hepliaklqana_mist_gate, uniq_kirke, uniq_azrael
D:13:     layout_roguey, hellmonk_vaults_keyhole, nrook_campfire,
          nemelex_xobeh_ov_fountains_minmay, uniq_josephine
Temple:   eino_wide_crystal_templ
Lair:1:   layout_regular_city
Lair:2:   layout_gridlike, lemuel_fruit_fields, grunt_megastairs_3, uniq_fannar,
          uniq_gastronok
Lair:3:   layout_long_grid, minmay_shoals_entry_hut,
          nicolae_spider_entry_lesser_pyramids, uniq_urug, uniq_rupert
Lair:4:   nzn_winding_woodlands_cross [nzn_winding_woodlands_5x15_cabin,
          nzn_winding_woodlands_5x15_garden,
          nzn_winding_woodlands_5x15_sawtooth, nzn_winding_woodlands_5x15_twine,
          nzn_winding_woodlands_15x15_boxy_spiral], layout_regular_city,
          minmay_slime_entry_jelly_boxes, columned_hall_lemuel, roderic_batcave,
          minmay_lair_oklob_bushes
Lair:5:   hangedman_lair_caniforms_friends, layout_gridlike, wormcave
Spider:1: layout_spider_delve, nicolae_spider_jagged_tunnels, uniq_nikola
Orc:1:    layout_caves, ebering_ghost_reflecting_pool,
          nicolae_orc_all_along_the_watchtower
Orc:2:    st_orc_open, layout_caves, basic_altar, dreamdust_deal_with_the_devil,
          blackcustard_rock_pile
Elf:1:    layout_gridlike, serial_shops, nicolae_shop_mannequins,
          evilmike_minifort

Notes
Turn   | Place    | Note
-------+----------+-------------------------------------------
     0 | D:1      | D0namaru the Demonspawn Necromancer began the quest for the
                  | Orb.
     0 | D:1      | Reached XP level 1. HP: 13/13 MP: 3/3
    66 | D:1      | HP: 3/13 [dart slug (1)]
   157 | D:1      | Identified a +0 club
   164 | D:1      | Gained mutation: Spells you cast may paralyse adjacent
                  | enemies. [demonic ancestry]
   164 | D:1      | Reached XP level 2. HP: 19/19 MP: 0/5
   522 | D:1      | Identified a +0 short sword
   804 | D:1      | Identified a +0 club
   820 | D:1      | Reached skill level 5 in Necromancy
   820 | D:1      | Gained mutation: You are partially covered in rugged brown
                  | scales. (AC +1, +3% HP) [demonic ancestry]
   820 | D:1      | Reached XP level 3. HP: 18/24 MP: 0/7
   821 | D:1      | Identified a ring of protection from fire
   827 | D:1      | Identified a +3 spear
   973 | D:1      | Identified a scarf of shadows
  1190 | D:2      | Learned a level 3 spell: Vampiric Draining
  1192 | D:2      | Identified a +0 dagger
  1263 | D:2      | Identified a +0 club
  1272 | D:2      | Reached skill level 3 in Spellcasting
  1338 | D:2      | Identified a +6 ring of intelligence
  1399 | D:2      | Identified a +0 short sword
  1417 | D:2      | Identified a +0 hand axe
  1508 | D:2      | Identified a +0 short sword
  1511 | D:2      | Identified a +0 dagger
  1549 | D:2      | Identified a +0 buckler
  1562 | D:2      | Identified a +0 dagger
  1622 | D:2      | Identified a +0 dagger
  1625 | D:2      | Gained mutation: A meltable shield of frost defends you.
                  | (SH +4) [demonic ancestry]
  1625 | D:2      | Reached XP level 4. HP: 30/30 MP: 5/8
  1633 | D:2      | Learned a level 4 spell: Animate Dead
  2383 | D:3      | Identified a +0 mace
  2442 | D:3      | Identified a +0 dagger
  2445 | D:3      | Identified a +0 club
  2445 | D:3      | Identified a +0 sling
  2592 | D:3      | Identified a +0 mace
  2592 | D:3      | Identified a +0 ring mail
  2606 | D:3      | Reached XP level 5. HP: 36/36 MP: 2/10
  2736 | D:3      | Reached skill level 4 in Spellcasting
  2736 | D:3      | Reached skill level 6 in Necromancy
  2939 | D:3      | Identified a +0 kite shield
  3252 | D:3      | Learned a level 1 spell: Summon Small Mammal
  3353 | D:4      | Identified a +0 dagger
  3353 | D:4      | Identified a +0 leather armour
  3354 | D:4      | Identified a +0 dagger
  3354 | D:4      | Identified a +0 dagger
  3354 | D:4      | Identified a +0 leather armour
  3358 | D:4      | Identified a +0 war axe
  3358 | D:4      | Identified a +0 leather armour
  3476 | D:4      | Found a blossoming altar of Fedhas.
  3484 | D:4      | Identified a +0 mace
  3486 | D:4      | Identified a +0 giant club
  3486 | D:4      | Noticed an ogre
  3492 | D:4      | Killed an ogre
  3493 | D:4      | Reached XP level 6. HP: 25/42 MP: 3/12
  3968 | D:4      | Found a staircase to the Ecumenical Temple.
  4030 | Temple   | Entered the Ecumenical Temple
  4039 | Temple   | Became a worshipper of Kikubaaqudgha
  4172 | D:4      | Identified a +1 dagger of flaming
  4172 | D:4      | Identified a +0 robe
  4176 | D:4      | Identified a +0 spear
  4178 | D:4      | Reached skill level 7 in Necromancy
  4178 | D:4      | Identified a +0 flail
  4184 | D:4      | Identified a +0 spear
  4185 | D:4      | Identified a +0 spear
  4186 | D:4      | Identified a +0 dagger
  4187 | D:4      | Reached skill level 1 in Summonings
  4290 | D:3      | Identified a +0 robe
  4303 | D:4      | Identified a +0 dagger
  4336 | D:4      | Reached skill level 5 in Spellcasting
  4344 | D:4      | Gained mutation: You have a small tail. [demonic ancestry]
  4344 | D:4      | Reached XP level 7. HP: 39/47 MP: 3/14
  4621 | D:5      | Entered Level 5 of the Dungeon
  4858 | D:5      | Identified a +0 barding
  4924 | D:5      | Identified a +0 pair of boots
  5137 | D:5      | Reached * piety under Kikubaaqudgha
  5137 | D:5      | Received a gift from Kikubaaqudgha
  5156 | D:5      | Identified a +0 hand axe
  5156 | D:5      | Identified a +0 scale mail
  5170 | D:5      | Identified a +0 club
  5211 | D:5      | Reached skill level 2 in Summonings
  5322 | D:5      | Found a shimmering altar of Xom.
  5439 | D:5      | Identified a +0 robe
  5753 | D:5      | Identified a +0 whip
  5762 | D:5      | Learned a level 5 spell: Curse of Agony
  5786 | D:5      | Identified a +0 spear of venom
  5787 | D:5      | Identified a +0 club
  5789 | D:5      | Identified a +0 trident
  5789 | D:5      | Identified a +0 ring mail
  5789 | D:5      | Identified a +0 kite shield
  5808 | D:5      | Reached skill level 8 in Necromancy
  5953 | D:5      | Reached skill level 6 in Spellcasting
  5953 | D:5      | Reached XP level 8. HP: 53/53 MP: 9/17
  5953 | D:5      | Identified a +0 club
  6261 | D:6      | Identified a +0 orcbow
  6269 | D:6      | Reached skill level 3 in Summonings
  6408 | D:6      | Identified a +0 whip of freezing
  6408 | D:6      | Identified a +2 robe of positive energy
  6408 | D:6      | Noticed Pikel
  6535 | D:6      | Killed Pikel
  6536 | D:6      | Reached skill level 9 in Necromancy
  6622 | D:6      | Identified an amulet of faith
  6630 | D:6      | Identified the +0 ring mail "Ewussuf" {+Blink}
  6656 | D:6      | Identified a +0 hand axe
  6657 | D:6      | Identified a +0 dagger
  6657 | D:6      | Identified a +0 robe
  6659 | D:6      | Identified a +0 mace
  6671 | D:6      | Reached skill level 7 in Spellcasting
  6855 | D:6      | Identified a +0 dagger
  6855 | D:6      | Identified a +0 robe
  6855 | D:6      | Noticed Dowan
  6855 | D:6      | Identified a +0 short sword
  6855 | D:6      | Identified a +0 leather armour
  6855 | D:6      | Noticed Duvessa
  6863 | D:6      | Identified 2 scrolls of amnesia
  6865 | D:6      | Identified 2 scrolls of identify
  6865 | D:6      | Identified 3 scrolls of noise
  6866 | D:6      | Identified 3 scrolls of blinking
  7023 | D:6      | Killed Duvessa
  7024 | D:6      | Reached skill level 4 in Summonings
  7031 | D:6      | Killed Dowan
  7032 | D:6      | Gained mutation: You are mostly covered in rugged brown
                  | scales. (AC +2, +5% HP) [demonic ancestry]
  7032 | D:6      | Reached XP level 9. HP: 53/59 MP: 1/19
  7499 | D:7      | Identified a +0 short sword
  7499 | D:7      | Identified a +1 cloak
  7499 | D:7      | Noticed Maurice
  7502 | D:7      | Identified a +0 falchion
  7502 | D:7      | Maurice stole 334 gold
  7503 | D:7      | Maurice stole 74 stones
  7508 | D:7      | Maurice stole a +0 whip of freezing
  7510 | D:7      | Killed Maurice
  7511 | D:7      | Reached skill level 10 in Necromancy
  7661 | D:7      | Learned a level 4 spell: Summon Blazeheart Golem
  7685 | D:7      | Reached skill level 2 in Dodging
  7752 | D:7      | Reached skill level 3 in Dodging
  7752 | D:7      | Reached skill level 1 in Fire Magic
  7837 | D:7      | Found a radiant altar of Vehumet.
  7844 | D:7      | Identified a +0 flail
  7891 | D:7      | Identified a +0 ring mail
  7908 | D:7      | Identified a +0 flail
  7908 | D:7      | Identified a +0 leather armour
  7908 | D:7      | Identified a +0 short sword
  7909 | D:7      | Identified a +0 flail
  7909 | D:7      | Identified a +0 chain mail
  7913 | D:7      | Identified a +0 flail
  7925 | D:6      | Reached skill level 4 in Dodging
  8105 | D:7      | Reached skill level 5 in Dodging
  8105 | D:7      | Reached skill level 2 in Fire Magic
  8260 | D:7      | Identified a +0 giant spiked club
  8261 | D:7      | Reached ** piety under Kikubaaqudgha
  8261 | D:7      | Identified +0 steam dragon scales
  8268 | D:7      | Reached skill level 6 in Dodging
  8292 | D:7      | Identified a scroll of teleportation
  8293 | D:7      | Identified a scroll of enchant weapon
  8294 | D:7      | Identified 2 scrolls of vulnerability
  8295 | D:7      | Identified a scroll of poison
  8296 | D:7      | Identified a scroll of silence
  8365 | D:7      | Identified 2 scrolls of enchant armour
  8367 | D:7      | Identified a scroll of revelation
  8418 | D:7      | Found a stormy altar of Qazlal.
  8423 | D:7      | Found a broken altar of Ashenzari.
  8499 | D:7      | Identified a +0 robe
  8528 | D:8      | Identified a +0 shortbow
  8531 | D:8      | Identified a +0 whip
  8531 | D:8      | Identified a +0 ring mail
  8557 | D:8      | Reached skill level 7 in Dodging
  8557 | D:8      | Reached skill level 3 in Fire Magic
  8635 | D:8      | Found a staircase to the Lair.
  8635 | D:8      | Noticed a death yak
  8779 | D:7      | Reached skill level 8 in Dodging
  8779 | D:7      | Gained mutation: You are completely covered in rugged brown
                  | scales. (AC +3, +7% HP) [demonic ancestry]
  8779 | D:7      | Reached XP level 10. HP: 59/67 MP: 14/21
  8831 | D:8      | HP: 5/67 [death yak (24)]
  8832 | D:8      | Killed a death yak
  8833 | D:8      | Reached skill level 9 in Dodging
  9083 | D:8      | Identified a +0 mace
  9083 | D:8      | Identified a +0 robe
  9094 | D:8      | Identified a +0 spear
  9094 | D:8      | Identified a +0 robe
  9096 | D:8      | Identified a +4 dagger
  9096 | D:8      | Identified a +0 robe
  9102 | D:8      | Identified a +0 battleaxe
  9102 | D:8      | Identified a +0 robe
  9103 | D:8      | Identified a +3 great sword
  9103 | D:8      | Identified a +0 robe
  9141 | D:8      | Reached skill level 10 in Dodging
  9492 | D:8      | Identified the +5 chain mail of Midsummer {*Corrode Fly
                  | Will- Dex+6}
  9512 | D:8      | Reached skill level 11 in Dodging
  9587 | D:8      | Identified a +0 short sword
  9589 | D:8      | Identified a +0 antimagic dagger
  9591 | D:8      | Identified a +0 whip
  9680 | D:8      | Identified a +0 club
  9680 | D:8      | Identified a +0 ring mail
  9752 | D:8      | Identified a +0 mace
  9900 | D:8      | Identified a +0 whip
  9901 | D:8      | Identified a +0 club
  9901 | D:8      | Identified a +0 scale mail
  9901 | D:8      | Identified a +0 short sword
  9901 | D:8      | Identified a +0 ring mail
  9984 | D:9      | Identified a +0 spear
  9984 | D:9      | Identified a +0 scale mail
  9984 | D:9      | Identified a +0 kite shield of protection
  9984 | D:9      | Identified a +0 flail
  9984 | D:9      | Identified a +0 whip
  9984 | D:9      | Identified a +0 spear
  9984 | D:9      | Identified a +0 halberd
  9984 | D:9      | Found a staircase to the Orcish Mines.
 10320 | D:9      | Identified a +0 giant club
 10320 | D:9      | Identified a +0 robe
 10320 | D:9      | Noticed Erolcha
 10337 | D:9      | Killed Erolcha
 10338 | D:9      | Reached skill level 12 in Dodging
 10344 | D:9      | Noticed an orange demon
 10470 | D:9      | Noticed a green ugly thing
 10471 | D:9      | Found a sparkling altar of Nemelex Xobeh.
 10482 | D:9      | Killed a green ugly thing
 10767 | D:9      | Identified a -1 demon whip of venom
 10767 | D:9      | Noticed Amaemon
 10790 | D:9      | Reached *** piety under Kikubaaqudgha
 10790 | D:9      | Received a gift from Kikubaaqudgha
 10927 | D:8      | Identified a +0 chain mail
 10964 | D:9      | Identified a ring of positive energy
 11051 | D:9      | Reached skill level 13 in Dodging
 11051 | D:9      | Gained mutation: A meltable icy envelope protects you from
                  | harm. (AC +4) [demonic ancestry]
 11051 | D:9      | Reached XP level 11. HP: 72/72 MP: 17/22
 11144 | D:9      | Noticed an eight-headed hydra
 11174 | D:9      | Killed Amaemon
 11320 | D:9      | Identified a +2 trident of draining
 11320 | D:9      | Identified a +0 robe
 11320 | D:9      | Identified an orb of mayhem
 11320 | D:9      | Noticed Jeremiah
 11320 | D:9      | Identified a +0 dagger
 11320 | D:9      | Identified a +0 club
 11320 | D:9      | Identified a +0 scale mail
 11320 | D:9      | Identified a +0 dagger
 11320 | D:9      | Identified a +0 leather armour
 11340 | D:9      | Killed Jeremiah
 11514 | D:9      | Identified a +2 quarterstaff of draining
 11514 | D:9      | Identified a +0 sling
 11514 | D:9      | Identified a +0 ring mail
 11514 | D:9      | Noticed Joseph
 11530 | D:9      | Killed Joseph
 11538 | D:9      | Reached skill level 14 in Dodging
 11693 | D:9      | Identified a +0 giant club
 11693 | D:9      | Identified a +0 giant club
 11693 | D:9      | Noticed a two-headed ogre
 11694 | D:9      | Identified a +0 morningstar
 11700 | D:9      | Killed a two-headed ogre
 11719 | D:9      | Got the Atlas of Non-Euclidean Lightning
 11726 | D:9      | Learned a level 5 spell: Borgnjor's Vile Clutch
 11808 | D:9      | Identified a +0 club
 11809 | D:9      | Identified a +0 short sword
 11809 | D:9      | Identified a +0 whip
 11810 | D:9      | Identified a +0 dagger
 11810 | D:9      | Identified a +0 club
 11811 | D:9      | Identified a +0 dagger
 12008 | D:10     | Entered Level 10 of the Dungeon
 12010 | D:10     | Identified a +0 giant spiked club
 12010 | D:10     | Identified a +0 giant spiked club
 12010 | D:10     | Noticed a two-headed ogre
 12020 | D:10     | Identified a +0 battleaxe
 12020 | D:10     | Identified a +0 chain mail
 12022 | D:10     | Killed a two-headed ogre
 12023 | D:10     | Reached skill level 2 in Earth Magic
 12026 | D:10     | Identified a +0 dagger
 12026 | D:10     | Identified a +0 robe
 12026 | D:10     | Identified a +0 club
 12227 | D:10     | Noticed a five-headed hydra
 12239 | D:10     | Killed a five-headed hydra
 12240 | D:10     | Reached skill level 3 in Earth Magic
 12320 | D:10     | Identified a +0 giant club
 12320 | D:10     | Identified a +0 giant spiked club
 12320 | D:10     | Noticed a two-headed ogre
 12342 | D:10     | Killed a two-headed ogre
 12343 | D:10     | Reached skill level 4 in Earth Magic
 12343 | D:10     | Reached skill level 2 in Fighting
 12463 | D:10     | Identified a ring of protection from cold
 12553 | D:10     | Reached skill level 3 in Fighting
 12692 | D:10     | Found a basalt altar of Yredelemnul.
 12844 | D:10     | Identified a +0 club
 12845 | D:10     | Identified a +0 spear
 12845 | D:10     | Identified a +0 ring mail
 12845 | D:10     | Identified a +0 kite shield
 12845 | D:10     | Identified a +0 whip
 12847 | D:10     | Identified a +3 spear
 12847 | D:10     | Identified a +1 heavy flail
 12851 | D:10     | Identified a +0 flail
 12917 | D:10     | Identified 2 potions of lignification
 12918 | D:10     | Identified a potion of cancellation
 13002 | D:11     | Noticed a red ugly thing
 13047 | D:11     | HP: 16/80 [troll (7)]
 13252 | D:10     | Killed a red ugly thing
 13290 | D:11     | Reached skill level 4 in Fighting
 13439 | D:11     | Identified a ring of flight
 13443 | D:11     | Identified a +1 mace of holy wrath
 13495 | D:11     | Reached skill level 5 in Fighting
 13495 | D:11     | Reached XP level 12. HP: 92/92 MP: 9/23
 13709 | D:11     | Identified a +0 troll leather armour
 13760 | D:11     | Identified a +0 plate armour
 13781 | D:11     | Identified a +2 scimitar of flaming
 14046 | D:11     | Identified a ring of resist corrosion
 14048 | D:11     | Identified 2 potions of haste
 14049 | D:11     | Identified 2 potions of heal wounds
 14294 | D:11     | Noticed a boulder beetle
 14307 | D:11     | Killed a boulder beetle
 14308 | D:11     | Reached skill level 6 in Fighting
 14449 | D:11     | Identified a +0 war axe
 14457 | D:12     | Identified a +0 orcbow
 14467 | D:12     | Identified a +0 shortbow
 14554 | D:12     | Reached skill level 7 in Fighting
 14602 | D:12     | Identified a +0 war axe
 14826 | D:12     | Identified a +0 scale mail
 14828 | D:12     | Identified a +0 flail
 14915 | D:12     | Noticed Kirke
 14922 | D:12     | Reached skill level 8 in Fighting
 14929 | D:12     | Reached **** piety under Kikubaaqudgha
 14944 | D:12     | Noticed a sphinx
 14954 | D:12     | Noticed a sphinx
 15141 | D:12     | Identified a +0 troll leather armour
 15228 | D:12     | Identified a +0 giant club
 15228 | D:12     | Identified a +0 giant spiked club
 15228 | D:12     | Noticed a two-headed ogre
 15234 | D:12     | Killed a two-headed ogre
 15234 | D:12     | Identified a +0 shortbow
 15235 | D:12     | Reached skill level 9 in Fighting
 15555 | D:12     | Identified a +1 broad axe of electrocution
 15560 | D:12     | Found Dudisuhu's General Store.
 15561 | D:12     | Identified a +0 scimitar of flaming
 15561 | D:12     | Noticed Azrael
 15565 | D:12     | Bought a scroll of enchant armour for 97 gold pieces
 15642 | D:12     | Identified a +0 rapier of protection
 15654 | D:12     | Reached skill level 10 in Fighting
 15676 | D:12     | Killed Azrael
 16041 | D:12     | Found a hazy altar of Hepliaklqana.
 16408 | D:13     | Identified a +0 flail of protection
 16434 | D:13     | Found a sparkling altar of Nemelex Xobeh.
 16437 | D:13     | Identified a +0 flail
 16437 | D:13     | Identified a +0 ring mail
 16438 | D:13     | Identified a +0 hand axe
 16438 | D:13     | Identified a +0 robe
 16440 | D:13     | Identified a +0 falchion
 16440 | D:13     | Identified a +0 leather armour
 16540 | D:13     | Noticed a catoblepas
 16541 | D:13     | Identified a +0 ring mail
 16541 | D:13     | Noticed an ironbound frostheart
 16552 | D:13     | Identified a +0 great mace
 16552 | D:13     | Identified a +0 chain mail
 16552 | D:13     | Noticed a vault guard
 16554 | D:13     | Reached skill level 11 in Fighting
 16562 | D:13     | Identified a +0 short sword
 16564 | D:13     | Killed a catoblepas
 16569 | D:13     | HP: 26/107 [burnt (6)]
 16574 | D:13     | HP: 25/107 [burnt (4)]
 16574 | D:13     | HP: 10/107 [fire elemental[a deep elf pyromancer] (5)]
 16791 | D:13     | Identified a +0 giant club
 16791 | D:13     | Identified a +0 giant spiked club
 16791 | D:13     | Noticed a two-headed ogre
 16800 | D:13     | Killed a two-headed ogre
 16920 | D:13     | Identified a +0 dagger
 16921 | D:13     | Identified a +0 leather armour
 17026 | D:13     | Identified a +1 cloak
 17045 | D:13     | Identified a +0 trident
 17200 | D:13     | Identified a +0 short sword
 17202 | D:13     | Killed an ironbound frostheart
 17323 | D:13     | Found a gate to the Vaults.
 17418 | D:13     | Identified a +0 dagger
 17418 | D:13     | Identified a +0 robe
 17418 | D:13     | Noticed Josephine
 17423 | D:13     | Reached XP level 13. HP: 92/114 MP: 11/24
 17441 | D:13     | Killed Josephine
 17597 | D:13     | Reached skill level 12 in Fighting
 17963 | D:12     | Killed Kirke
 18117 | Lair:1   | Entered Level 1 of the Lair of Beasts
 18216 | Lair:1   | Reached skill level 8 in Spellcasting
 18315 | Lair:1   | Identified a +0 pair of gloves
 18448 | Lair:1   | Identified a ring of see invisible
 18455 | Lair:1   | Learned a level 4 spell: Dispel Undead
 18796 | Lair:1   | Identified a scroll of fog
 18797 | Lair:1   | Identified 2 potions of might
 18798 | Lair:1   | Identified 3 potions of enlightenment
 18799 | Lair:1   | Identified 2 potions of mutation
 18800 | Lair:1   | Identified a potion of invisibility
 18801 | Lair:1   | Gained mutation: Your spells are a little harder to cast,
                  | but a little more powerful. [potion of mutation]
 18801 | Lair:1   | Gained mutation: You are dopey. (Int -2) [potion of
                  | mutation]
 18802 | Lair:1   | Lost mutation: Your spells are a little harder to cast, but
                  | a little more powerful. [potion of mutation]
 18802 | Lair:1   | Lost mutation: You are dopey. (Int -2) [potion of mutation]
 18802 | Lair:1   | Gained mutation: You have a pair of small antennae on your
                  | head. [potion of mutation]
 18802 | Lair:1   | Gained mutation: You are agile. (Dex +4, Str/Int -1)
                  | [potion of mutation]
 19036 | Lair:1   | HP: 29/116 [komodo dragon (6)]
 19037 | Lair:1   | Identified 4 potions of brilliance
 19039 | Lair:1   | HP: 14/116 [poisoned by a cane toad]
 19040 | Lair:1   | Identified 5 potions of curing
 19265 | Lair:2   | Identified a +1 hat
 19265 | Lair:2   | Noticed Gastronok
 19274 | Lair:2   | Killed Gastronok
 19275 | Lair:2   | Reached skill level 11 in Necromancy
 19444 | Lair:2   | Identified a +0 quarterstaff of freezing
 19444 | Lair:2   | Identified a +1 robe of cold resistance
 19444 | Lair:2   | Identified a ring of ice
 19444 | Lair:2   | Noticed Fannar
 19455 | Lair:2   | Killed Fannar
 20108 | Lair:2   | Identified a ring of fire
 20120 | Lair:2   | Reached skill level 9 in Spellcasting
 20308 | Lair:3   | Found a hole to the Spider Nest.
 20636 | Lair:3   | Identified a +0 trident
 20746 | Lair:3   | Identified a +1 triple sword of freezing
 20746 | Lair:3   | Identified a +2 ring mail of poison resistance
 20746 | Lair:3   | Noticed Rupert
 20766 | Lair:3   | Killed Rupert
 20767 | Lair:3   | Reached skill level 12 in Necromancy
 20952 | Lair:3   | Identified a +2 broad axe of flaming
 20952 | Lair:3   | Identified a +3 scale mail of cold resistance
 20952 | Lair:3   | Noticed Urug
 20970 | Lair:3   | Killed Urug
 21117 | Lair:3   | Identified a +4 ring of protection
 21143 | Lair:3   | Found a staircase to the Shoals.
 21941 | Lair:4   | Reached skill level 10 in Spellcasting
 22092 | Lair:4   | Identified the +3 mace of the Intense God {drain, rElec
                  | rCorr Dex+2}
 22421 | Lair:4   | Gained mutation: Spells you cast may paralyse nearby
                  | enemies. [demonic ancestry]
 22421 | Lair:4   | Reached XP level 14. HP: 118/124 MP: 6/28
 22439 | Lair:4   | Reached skill level 13 in Necromancy
 22602 | Lair:4   | Found a staircase to the Slime Pits.
 22777 | Lair:4   | Identified a +2 falchion of pain
 22801 | Lair:4   | Identified a +0 ring mail
 22834 | Lair:4   | Reached ***** piety under Kikubaaqudgha
 22835 | Lair:4   | Reached skill level 11 in Spellcasting
 22898 | Lair:4   | Identified a +2 dire flail of draining
 22899 | Lair:4   | Identified the +5 quarterstaff of Risk Management {heavy,
                  | rF+ SInv}
 23616 | Lair:4   | Reached skill level 14 in Necromancy
 23960 | Lair:4   | Identified a +0 pair of boots
 23977 | Lair:4   | Identified the +5 mace of Vengeance {freeze, rN+ Str+2
                  | Int+3}
 24033 | Lair:4   | Identified a +0 long sword
 24038 | Lair:4   | Identified a +0 whip
 24092 | Lair:4   | Identified an orb of guile
 24194 | Lair:4   | Identified 3 potions of degeneration
 24195 | Lair:4   | Identified a potion of ambrosia
 24196 | Lair:4   | Identified a scroll of immolation
 24313 | Lair:5   | Entered Level 5 of the Lair of Beasts
 24357 | Lair:5   | Identified a +0 rapier
 24404 | Lair:5   | Reached skill level 12 in Spellcasting
 24853 | Lair:5   | Reached skill level 15 in Necromancy
 25282 | Lair:5   | Gained mutation: You have a tail ending in a sharp stinger.
                  | [demonic ancestry]
 25282 | Lair:5   | Reached XP level 15. HP: 107/130 MP: 15/31
 25291 | Lair:5   | Reached ****** piety under Kikubaaqudgha
 25619 | Lair:5   | Found the +5 moon troll leather armour {Spirit, Regen++
                  | MP+5}
 25625 | Lair:5   | Identified the +5 scimitar "Zyvuxu" {venom, Fly rF+ Stlth+}
 25769 | Lair:5   | Identified a +0 war axe
 25774 | Lair:5   | Identified a +0 robe
 25873 | Lair:5   | Learned a level 7 spell: Haunt
 25918 | Lair:5   | Identified the +1 chain mail of Apathy {rF+++ rCorr Int-4
                  | Dex-2}
 26069 | Lair:5   | Identified a +0 scale mail
 26297 | Lair:5   | Reached skill level 13 in Spellcasting
 26306 | Lair:5   | Identified a +0 arbalest
 26597 | Lair:5   | Paralysed by a hornet for 1 turns
 26650 | Lair:5   | Identified +0 ice dragon scales
 26951 | Spider:1 | Entered Level 1 of the Spider Nest
 27663 | Orc:1    | Entered Level 1 of the Orcish Mines
 27663 | Orc:1    | Identified a +0 dagger
 27663 | Orc:1    | Identified a +0 dagger
 27663 | Orc:1    | Identified a +0 robe
 27663 | Orc:1    | Identified a +0 club
 27663 | Orc:1    | Identified a +0 scale mail
 27663 | Orc:1    | Identified a +0 whip
 27663 | Orc:1    | Identified a +0 dagger
 27663 | Orc:1    | Identified a +0 leather armour
 27664 | Orc:1    | Identified a +0 falchion
 27664 | Orc:1    | Identified a +0 trident
 27665 | Orc:1    | Identified a +0 flail
 27665 | Orc:1    | Identified a +0 chain mail
 27668 | Orc:1    | Identified a +2 vampiric short sword
 27668 | Orc:1    | Identified a +0 leather armour
 27668 | Orc:1    | Identified a +3 mace
 27668 | Orc:1    | Identified a +0 arbalest
 27668 | Orc:1    | Identified a +0 chain mail
 27668 | Orc:1    | Identified a +0 giant club
 27668 | Orc:1    | Identified a +0 giant club
 27670 | Orc:1    | Identified a +0 dagger
 27670 | Orc:1    | Identified a +0 robe
 27670 | Orc:1    | Identified a +2 dagger of draining
 27672 | Orc:1    | Identified a +0 dagger
 27672 | Orc:1    | Identified a +0 robe
 27684 | Orc:1    | Reached skill level 16 in Necromancy
 27933 | Orc:1    | Identified a +0 dagger
 27933 | Orc:1    | Identified a +0 leather armour
 27934 | Orc:1    | Identified a +0 falchion
 27934 | Orc:1    | Identified a +0 hand axe
 27934 | Orc:1    | Identified a +0 plate armour
 27934 | Orc:1    | Identified a +0 dagger
 27936 | Orc:1    | Identified a +1 long sword of holy wrath
 27936 | Orc:1    | Identified a +0 orcbow
 27936 | Orc:1    | Identified a +8 plate armour of ponderousness
 27936 | Orc:1    | Identified a +0 dagger
 27936 | Orc:1    | Identified a +0 robe
 27937 | Orc:1    | Identified a +0 club
 27937 | Orc:1    | Identified a +0 club
 27937 | Orc:1    | Identified a +0 leather armour
 27938 | Orc:1    | Identified a +0 flail
 27938 | Orc:1    | Identified a +0 plate armour
 27952 | Orc:1    | Identified a +0 dagger
 27952 | Orc:1    | Identified a +0 ring mail
 27956 | Orc:1    | Identified a +0 dagger
 27956 | Orc:1    | Identified a +0 leather armour
 28118 | Orc:1    | Identified a +0 dagger
 28118 | Orc:1    | Identified a +0 robe
 28119 | Orc:1    | Identified a +0 longbow
 28119 | Orc:1    | Identified a +0 chain mail
 28120 | Orc:1    | Identified a +0 hand axe
 28120 | Orc:1    | Identified a +0 leather armour
 28129 | Orc:1    | Identified a +0 arbalest
 28129 | Orc:1    | Identified a +0 plate armour
 28397 | Orc:1    | Found a runed translucent door.
 28398 | Orc:1    | Noticed jasper's ghost (journeyman MDFi)
 28407 | Orc:1    | Killed jasper's ghost
 28520 | Orc:1    | Identified a +0 giant club
 28524 | Orc:1    | Identified a +0 whip
 28524 | Orc:1    | Identified a +0 short sword
 28526 | Orc:1    | Identified a +0 dagger
 28526 | Orc:1    | Identified a +0 robe
 28549 | Orc:1    | Identified a +0 war axe
 28549 | Orc:1    | Identified a +0 plate armour
 28821 | Orc:2    | Entered Level 2 of the Orcish Mines
 28821 | Orc:2    | Identified a +0 dire flail
 28821 | Orc:2    | Identified a +3 dire flail
 28821 | Orc:2    | Identified a +0 dagger
 28821 | Orc:2    | Identified a +0 dagger
 28821 | Orc:2    | Identified a +0 halberd
 28821 | Orc:2    | Identified a +0 plate armour
 28821 | Orc:2    | Identified a +0 dagger
 28821 | Orc:2    | Identified a +0 flail
 28821 | Orc:2    | Identified a +0 ring mail
 28821 | Orc:2    | Identified a +0 flail
 28821 | Orc:2    | Found the +8 demon blade "Leech" {evervamp, Harm ^Drain
                  | rN+}
 28823 | Orc:2    | Identified a +0 hand axe
 28823 | Orc:2    | Identified a +0 leather armour
 28823 | Orc:2    | Identified a +0 scimitar
 28823 | Orc:2    | Identified a +0 arbalest
 28823 | Orc:2    | Identified a +0 chain mail
 28823 | Orc:2    | Identified a +0 giant club
 28825 | Orc:2    | Identified a +0 dagger
 28825 | Orc:2    | Identified a +0 robe
 28825 | Orc:2    | Identified a +0 dire flail
 28825 | Orc:2    | Identified a +0 orcbow
 28825 | Orc:2    | Identified a +0 chain mail
 28826 | Orc:2    | Identified a +0 long sword
 28826 | Orc:2    | Identified a +0 plate armour
 28827 | Orc:2    | Identified a +0 flail
 28827 | Orc:2    | Identified a +0 ring mail
 28827 | Orc:2    | Identified a +0 dagger
 28827 | Orc:2    | Identified a +0 scale mail
 28827 | Orc:2    | Identified a +0 dagger
 28827 | Orc:2    | Identified a +0 robe
 28827 | Orc:2    | Identified a +0 short sword
 28828 | Orc:2    | Identified a +0 flail
 28828 | Orc:2    | Identified a +0 mace
 28829 | Orc:2    | Identified a +0 whip
 28829 | Orc:2    | Identified a +0 short sword
 28829 | Orc:2    | Identified a +0 whip
 28830 | Orc:2    | Identified a +0 war axe
 28830 | Orc:2    | Identified a +0 dagger
 28830 | Orc:2    | Identified a +0 ring mail
 28830 | Orc:2    | Identified a +0 scimitar
 28830 | Orc:2    | Identified a +0 chain mail
 28830 | Orc:2    | Identified a +0 dagger
 28830 | Orc:2    | Identified a +0 robe
 28831 | Orc:2    | Identified a +0 hand axe
 28832 | Orc:2    | Identified a +0 club
 29092 | Orc:2    | Identified a +0 hand axe
 29092 | Orc:2    | Identified a +0 long sword
 29092 | Orc:2    | Identified a +0 chain mail
 29092 | Orc:2    | Identified a +0 mace
 29092 | Orc:2    | Identified a +0 short sword
 29092 | Orc:2    | Identified a +0 club
 29092 | Orc:2    | Identified a +0 ring mail
 29092 | Orc:2    | Identified a +0 flail
 29092 | Orc:2    | Identified a +0 chain mail
 29099 | Orc:2    | Identified a +0 club
 29100 | Orc:2    | Identified a +0 dagger
 29100 | Orc:2    | Identified a +2 robe of resistance
 29101 | Orc:2    | Identified a +0 dagger
 29101 | Orc:2    | Identified a +0 scale mail
 29107 | Orc:2    | Identified a +0 trident
 29107 | Orc:2    | Identified a +0 leather armour
 29108 | Orc:2    | Identified a +0 short sword
 29111 | Orc:2    | Identified a +0 heavy orcbow
 29111 | Orc:2    | Identified a +0 hand axe
 29111 | Orc:2    | Identified a +0 chain mail
 29114 | Orc:2    | Identified a +0 short sword
 29120 | Orc:2    | Identified a +0 scimitar
 29120 | Orc:2    | Identified a +0 chain mail
 29120 | Orc:2    | Identified a +2 battleaxe
 29120 | Orc:2    | Identified a +0 plate armour
 29123 | Orc:2    | Identified a +0 long sword
 29123 | Orc:2    | Identified a +0 chain mail
 29125 | Orc:2    | Identified a +0 dagger
 29125 | Orc:2    | Identified a +0 scale mail
 29624 | Orc:2    | Found Poni's General Store.
 29626 | Orc:2    | Identified a +0 giant club
 29626 | Orc:2    | Identified a +0 giant spiked club
 29627 | Orc:2    | Identified a +0 giant club
 29627 | Orc:2    | Identified a +0 giant club
 29627 | Orc:2    | Identified a +0 giant spiked club
 29641 | Orc:2    | Identified a +0 giant club
 29656 | Orc:2    | Identified a +0 giant spiked club
 29656 | Orc:2    | Identified a +0 giant spiked club
 29657 | Orc:2    | Identified a +0 giant club
 29658 | Orc:2    | Identified a +0 giant club
 29658 | Orc:2    | Identified a +0 giant club
 29658 | Orc:2    | Identified a +0 giant club
 29658 | Orc:2    | Identified a +0 dire flail
 29658 | Orc:2    | Identified a +0 giant club
 29658 | Orc:2    | Identified a +0 giant spiked club
 29659 | Orc:2    | Identified a +3 arbalest
 29660 | Orc:2    | Identified a +0 giant spiked club
 29662 | Orc:2    | Identified a +0 sling
 29662 | Orc:2    | Identified a +0 giant spiked club
 29662 | Orc:2    | Identified a +0 giant club
 29663 | Orc:2    | Identified a +0 spear
 29663 | Orc:2    | Identified a +0 robe
 29665 | Orc:2    | Identified a +0 giant club
 29676 | Orc:2    | Identified a +0 giant club
 29679 | Orc:2    | Identified a +0 giant spiked club
 29679 | Orc:2    | Identified a +0 dire flail
 30128 | Orc:2    | Identified a +0 giant spiked club
 30134 | Orc:2    | Reached skill level 14 in Spellcasting
 30141 | Orc:2    | Identified a +0 giant club
 30156 | Orc:2    | Identified a +0 troll leather armour
 30163 | Orc:2    | Identified a +0 giant club
 30164 | Orc:2    | Identified a +0 giant club
 30165 | Orc:2    | Identified a +0 giant club
 30165 | Orc:2    | Identified a +0 giant club
 30174 | Orc:2    | Found Uttyrige's General Store.
 30177 | Orc:2    | Identified a +0 giant spiked club
 30177 | Orc:2    | Identified a +0 giant spiked club
 30179 | Orc:2    | Identified a +0 flail
 30179 | Orc:2    | Identified a +0 robe
 30181 | Orc:2    | Reached skill level 17 in Necromancy
 30194 | Orc:2    | Identified a +0 giant club
 30194 | Orc:2    | Identified a +0 giant club
 30200 | Orc:2    | Found Etsahiup's Assorted Antiques.
 30376 | Orc:2    | Found Telad's Armour Shoppe.
 30487 | Orc:2    | Found a staircase to the Elven Halls.
 30516 | Orc:2    | Found a roughly hewn altar of Beogh.
 30660 | Elf:1    | Entered Level 1 of the Elven Halls
 30660 | Elf:1    | Identified a +0 short sword
 30660 | Elf:1    | Identified a +0 shortbow
 30660 | Elf:1    | Identified a +0 leather armour
 30661 | Elf:1    | Identified a +0 vampiric scimitar
 30674 | Elf:1    | Noticed a deep elf demonologist
 30676 | Elf:1    | Killed a deep elf demonologist
 30695 | Elf:1    | Identified a +0 demon trident
 30697 | Elf:1    | Found Godic's Weapon Boutique.
 30698 | Elf:1    | Identified a +0 executioner's axe
 30823 | Elf:1    | Identified a +0 rapier
 30823 | Elf:1    | Identified a +0 ring mail
 30825 | Elf:1    | Identified a +2 halberd of venom
 30836 | Elf:1    | Identified a +0 long sword
 30843 | Elf:1    | Identified a +3 war axe of electrocution
 31116 | Elf:1    | Identified a +0 dagger
 31116 | Elf:1    | Identified a +0 leather armour
 31371 | Elf:1    | Identified a +1 glaive of venom
 31406 | Elf:1    | Identified a +0 short sword
 31406 | Elf:1    | Identified a +0 ring mail
 31421 | Elf:1    | Paralysed by an air elemental for 1 turns
 31424 | Elf:1    | Paralysed by an air elemental for 1 turns
 31433 | Elf:1    | Paralysed by an air elemental for 1 turns
 31439 | Elf:1    | Paralysed by an air elemental for 1 turns
 31442 | Elf:1    | Paralysed by an air elemental for 1 turns
 31658 | Elf:1    | Identified a +2 orcbow of draining
 31689 | Elf:1    | Identified a +2 heavy glaive
 31721 | Elf:1    | Identified a +0 long sword
 31721 | Elf:1    | Identified a +0 chain mail
 31721 | Elf:1    | Identified a +0 long sword
 31721 | Elf:1    | Identified a +0 shortbow
 31722 | Elf:1    | Identified a +0 rapier
 31722 | Elf:1    | Identified a +0 rapier
 31722 | Elf:1    | Identified a +0 leather armour
 31722 | Elf:1    | Identified a +2 halberd of protection
 31722 | Elf:1    | Identified a +0 dagger
 31722 | Elf:1    | Identified a +0 robe
 31967 | Elf:1    | HP: 24/130 [+2 halberd of protection (9)]
 31967 | Elf:1    | HP: 3/130 [+2 halberd of protection (21)]
 31970 | Elf:1    | Slain by a +2 halberd of protection

Table legend: (Time is in decaauts)
 A = Elapsed time spent in this place.
 B = Non-inter-level travel time spent in this place.
 C = Inter-level travel time spent in this place.
 D = Time resting spent in this place.
 E = Time spent auto-exploring this place.
 F = Levels seen in this place.
 G = Mean time per level.
                   A        B        C        D        E       F      G
               +--------+--------+--------+--------+--------+-----+--------+
         Total |  32325 |  30625 |   1700 |   3325 |  20852 |  23 | 1405.4 |
       Dungeon |  18951 |  17855 |   1096 |   1927 |  12588 |  13 | 1457.8 |
        Temple |     18 |      1 |     17 |      0 |      0 |   1 |   18.0 |
          Lair |   9139 |   8702 |    437 |    450 |   6270 |   5 | 1827.8 |
   Spider Nest |      1 |      1 |      0 |      0 |      0 |   1 |    1.0 |
  Orcish Mines |   2874 |   2753 |    121 |    800 |   1239 |   2 | 1437.0 |
   Elven Halls |   1339 |   1312 |     27 |    148 |    754 |   1 | 1339.0 |
               +--------+--------+--------+--------+--------+-----+--------+

Top non-repeatable levels by time:
  Lair:5: 2852 daAuts
  Lair:4: 2563 daAuts
     D:9: 2134 daAuts
    D:12: 1972 daAuts
   Orc:1: 1902 daAuts
     D:5: 1748 daAuts
    D:13: 1651 daAuts
    D:11: 1598 daAuts
  Lair:3: 1596 daAuts
     D:7: 1384 daAuts
     D:8: 1372 daAuts
   Elf:1: 1339 daAuts
     D:3: 1327 daAuts
     D:6: 1287 daAuts
    D:10: 1198 daAuts

Table legend:
 A = Kills in this place as a percentage of kills in the entire game.
 B = Kills by you in this place as a percentage of kills by you in the entire game.
 C = Kills by friends in this place as a percentage of kills by friends in the entire game.
 D = Other kills in this place as a percentage of other kills in the entire game.
 E = Experience gained in this place as a percentage of experience gained in the entire game.
 F = Experience gained in this place divided by the number of levels of this place that you have seen.
                   A       B       C       D       E      F
               +-------+-------+-------+-------+-------+----------------------
         Total | 100.0 | 100.0 | 100.0 | 100.0 | 100.0 | 6604.3
       Dungeon |  44.3 |  57.5 |  17.0 |   0.0 |  27.9 | 3263.3
          Lair |  36.3 |  25.9 |  58.1 |  33.3 |  48.7 | 14803.8
  Orcish Mines |  16.8 |  14.5 |  21.0 |  66.7 |  16.6 | 12581.0
   Elven Halls |   2.7 |   2.1 |   3.9 |   0.0 |   6.8 | 10296.0
               +-------+-------+-------+-------+-------+----------------------

Skill      XL: |  1  2  3  4  5  6  7  8  9 10 11 12 13 14 15 |
---------------+----------------------------------------------+-----
Necromancy     | 5 6 7 8 9 10 12 15 17 | 17.5
Spellcasting   | 3 4 5 6 7 10 12 14 | 14.5
Summonings     | 1 2 4 |  4.0
Dodging        | 8 13 14 | 14.5
Fire Magic     | 3 |  3.0
Earth Magic    | 4 |  4.0
Fighting       | 5 11 12 | 12.5
Stealth        | |  1.7

Action                     |  1- 3 |  4- 6 |  7- 9 | 10-12 | 13-15 || total
---------------------------+-------+-------+-------+-------+-------++-------
  Melee: Unarmed           |    23 |       |       |     4 |       ||    27
         Spear             |     6 |       |       |       |       ||     6
         Dagger            |       |    71 |   122 |   107 |       ||   300
         Tailslap          |       |       |    23 |    55 |   155 ||   233
         Demon whip        |       |       |       |   198 |   131 ||   329
         Mace              |       |       |       |       |   446 ||   446
  Throw: Stone             |       |       |    12 |     3 |    17 ||    32
   Cast: Necrotise         |    67 |    98 |    86 |    84 |    30 ||   365
         Vampiric Draining |       |     8 |    61 |   107 |   190 ||   366
         Summon Small Mamm |       |     1 |    43 |    23 |     9 ||    76
         Summon Blazeheart |       |       |       |    24 |     9 ||    33
         Animate Dead      |       |       |       |     5 |    16 ||    21
         Curse of Agony    |       |       |       |     1 |       ||     1
         Borgnjor's Vile C |       |       |       |    40 |   185 ||   225
         Dispel Undead     |       |       |       |       |     3 ||     3
 Invoke: Unearth Wretches  |       |       |       |     3 |    31 ||    34
  Evoke: Wand              |       |       |       |       |     3 ||     3
    Use: Scroll            |       |       |    12 |    10 |    12 ||    34
         Potion            |       |       |       |     4 |     7 ||    11
   Stab: Paralysed         |     5 |     8 |    80 |   109 |   180 ||   382
         Sleeping          |       |       |     1 |       |       ||     1
         Distracted        |       |       |       |     1 |     8 ||     9
 Armour: Robe              |    20 |    96 |   102 |       |       ||   218
         Steam dragon scal |       |       |    17 |   239 |   675 ||   931
         Skin              |       |       |       |     4 |       ||     4
  Dodge: Dodged            |    21 |   103 |   103 |   276 |  1169 ||  1672
  Block: Other             |       |    28 |    29 |    46 |   173 ||   276

Vanquished Creatures
  Rupert (Lair:3)
  Kirke (D:12)
  An orc warlord (Orc:2)
  Azrael (D:12)
  The ghost of jasper the Bludgeoner, a journeyman MDFi of Okawaru (Orc:1)
  An ettin (Orc:1)
  Josephine (D:13)
  Fannar (Lair:2)
  Erolcha (D:9)
  3 hydras
  3 boulder beetles
  2 ogre magi (Orc:2)
  A catoblepas (D:13)
  7 two-headed ogres
  2 dancing weapons (Elf:1)
  3 death yaks
  A deep elf knight (Elf:1)
  A deep troll (Orc:1)
  An obsidian bat (D:9)
  A manticore (D:12)
  Pikel (D:6)
  2 deep elf pyromancers
  2 deep elf zephyrmancers (Elf:1)
  2 orc sorcerers
  3 ugly things
  3 cyclopes
  An oklob plant (Lair:4)
  Maurice (D:7)
  4 elephants (Lair:4)
  Joseph (D:9)
  4 black mambas
  4 torpor snails
  A gargoyle (D:12)
  13 cane toads
  5 komodo dragons
  An efreet (D:11)
  Jeremiah (D:9)
  3 tyrant leeches (Lair:5)
  6 polar bears (Lair:5)
  A queen bee (shapeshifter) (D:11)
  6 hornets
  A raiju (Lair:5)
  9 trolls
  8 blink frogs
  A jumping spider (Lair:3)
  A dream sheep (Lair:5)
  A snapping turtle (Lair:3)
  2 water elementals
  2 shadows (D:9)
  7 wyverns
  A vampire (D:13)
  4 wargs
  5 wraiths
  A steam dragon (D:7)
  6 hogs (D:12)
  2 humans (D:13)
  27 yaks
  3 basilisks
  A fire elemental (Elf:1)
  3 vampire mosquitoes (D:12)
  2 acid dragons
  8 water moccasins
  Duvessa (D:6)
  9 hell hounds
  A sky beast (D:8)
  10 black bears
  19 orc warriors
  2 ice beasts
  6 wolves (Lair:5)
  10 ogres
  5 centaurs
  2 lemures (D:6)
  A nameless horror (D:7)
  2 kobold brigands (D:8)
  8 bullfrogs
  An earth elemental (Elf:1)
  3 gnoll sergeants
  2 scorpions
  A wight (D:7)
  Dowan (D:6)
  5 killer bees
  3 vampire bats
  2 howler monkeys (D:9)
  12 jellies
  4 hounds
  A bombardier beetle (D:6)
  12 orc priests
  A sleepcap (D:5)
  2 iguanas
  11 orc wizards
  16 gnolls
  4 adders
  2 shadow imps
  A white imp (D:7)
  5 ufetubi
  3 dart slugs
  3 fire bats (D:3)
  33 orcs
  A spectral bat (D:3)
  18 bats
  2 bat skeletons (D:3)
  A bat zombie (D:3)
  6 endoplasms
  5 giant cockroaches
  5 goblins
  5 hobgoblins
  9 jackals
  6 quokkas
  8 ball pythons
  A bat simulacrum (D:3)
  4 frilled lizards
  16 kobolds
  6 rats
491 creatures vanquished.

Vanquished Creatures (collateral kills)
  Gastronok (Lair:2)
  An ice dragon (Lair:5)
  A hydra (Lair:4)
  An ironbound frostheart (D:13)
  3 dancing weapons (Elf:1)
  7 death yaks
  7 two-headed ogres (Orc:2)
  Urug (Lair:3)
  A hell hog (Lair:5)
  Amaemon (D:9)
  A pharaoh ant (Lair:3)
  A deep elf archer (Elf:1)
  A deep troll (Orc:2)
  An orc knight (Orc:2)
  An orc sorcerer (Orc:2)
  A deep elf pyromancer (Elf:1)
  A deep elf zephyrmancer (Elf:1)
  A lindwurm (Lair:5)
  An ugly thing (D:12)
  A cyclops (Orc:2)
  A kobold blastminer (Orc:2)
  2 torpor snails (Lair:5)
  2 black mambas
  10 elephants (Lair:4)
  An orange demon (D:9)
  7 cane toads
  A rime drake (Lair:3)
  A komodo dragon (Lair:5)
  4 polar bears (Lair:5)
  2 trolls (Orc:2)
  A hornet (Lair:5)
  A tyrant leech (Lair:5)
  18 blink frogs
  A raiju (Lair:5)
  3 air elementals (Elf:1)
  A wyvern (Lair:5)
  2 wraiths (D:13)
  2 fire elementals (D:12)
  2 wargs (Lair:5)
  2 basilisks
  43 yaks
  5 water moccasins
  9 hell hounds
  4 orc warriors (Orc:2)
  4 black bears (Lair:5)
  9 wolves (Lair:5)
  11 ogres (Orc:2)
  A lemure (D:6)
  4 bullfrogs
  A kobold brigand (D:9)
  A scorpion (Lair:3)
  4 wights
  A killer bee (D:9)
  A vampire bat (Lair:4)
  6 jellies
  4 orc priests
  A hell rat (Lair:4)
  A gnoll (D:4)
  A bat (D:3)
  An ufetubus (D:6)
  17 orcs
  A bat skeleton (D:3)
  2 goblins (D:2)
  A kobold (D:9)
  An orc zombie (Orc:2)
232 creatures vanquished.

Vanquished Creatures (others)
  A deep elf elementalist (Elf:1)
  An orc warlord (Orc:2)
  A deep elf demonologist (Elf:1)
  4 hydras
  A two-headed ogre (Orc:2)
  A death yak (Lair:5)
  5 deep elf knights (Elf:1)
  5 deep elf archers (Elf:1)
  An ugly thing zombie (D:12)
  5 deep elf pyromancers (Elf:1)
  2 orc sorcerers (Orc:2)
  6 deep elf zephyrmancers (Elf:1)
  A cyclops (Orc:2)
  2 elephants
  3 kobold blastminers (Orc:2)
  2 black mambas
  3 cane toads
  6 death yak zombies (Lair:5)
  3 rime drakes (Lair:4)
  3 hydra zombies (Lair:5)
  A komodo dragon (Lair:4)
  3 trolls (Orc:2)
  3 black mamba zombies
  2 basilisks (Lair:4)
  A tyrant leech zombie (Lair:5)
  2 wargs (Orc:2)
  A steam dragon (D:9)
  A deep troll zombie (Orc:2)
  16 elf zombies (Elf:1)
  3 water moccasins
  6 two-headed ogre zombies
  3 cane toad zombies
  2 black bears (Lair:2)
  10 orc warriors
  2 blink frog zombies (Lair:4)
  An ogre (Orc:2)
  2 elephant zombies
  A boggart (D:9)
  A centaur (D:9)
  3 wolves
  3 rime drake zombies (Lair:4)
  A komodo dragon zombie (Lair:4)
  3 bullfrogs
  A kobold zombie (Orc:2)
  3 warg zombies (Orc:2)
  A cyclops zombie (Orc:2)
  3 water moccasin zombies (Lair:4)
  3 troll zombies (Orc:2)
  3 polar bear zombies (Lair:5)
  17 yak zombies
  A wolf zombie (Lair:3)
  A centaur zombie (D:9)
  5 black bear zombies (Lair:5)
  2 basilisk zombies (Lair:4)
  5 bullfrog zombies
  An orc priest (Orc:2)
  A boggart zombie (D:9)
  An orc wizard (Orc:1)
  6 ogre zombies (Orc:2)
  A hell rat zombie (Lair:4)
  38 orc zombies
  A steam dragon zombie (D:9)
  A dart slug (D:9)
  2 orcs
  A spectral bat (D:3)
  A ball python (D:9)
  A ball python zombie (D:9)
  10 blazeheart cores
237 creatures vanquished.

Grand Total: 960 creatures vanquished
